 Dungeon Crawl Stone Soup version 0.19.4-8-ga85b6b9 (webtiles) character file.

107736 Naow the Executioner (level 16, -8/149 HPs)
             Began as a Minotaur Berserker on Feb 13, 2017.
             Was a High Priest of Trog.
             Killed from afar by a nagaraja (54 damage)
             ... with a poison arrow
             ... on level 2 of the Snake Pit.
             The game lasted 00:46:56 (27875 turns).

Naow the Executioner (Minotaur Berserker)          Turns: 27875, Time: 00:46:57

Health: -8/149     AC: 23    Str: 33    XL:     16   Next: 1%
Magic:  5/13       EV: 13    Int:  5    God:    Trog [*****.]
Gold:   2055       SH:  0    Dex: 12    Spells: 0 memorised, 15 levels left

rFire  . . .     SeeInvis .     T - +3 executioner's axe (chop)
rCold  + + .     Gourm    .     R - +1 plate armour of the Moon Troll {Str+4}
rNeg   . . .     Faith    .     (shield currently unavailable)
rPois  .         Spirit   .     (helmet unavailable)
rElec  .         Reflect  .     l - +0 cloak
rCorr  .         Harm     .     y - +0 pair of gloves
MR     ++++.                    L - +2 pair of boots {run}
Stlth  ..........               D - amulet of regeneration
                                O - +3 ring of strength
                                G - ring of protection from cold

@: lethally poisoned (-8 -> -10), exhausted, regenerating, slowed, very slow
A: retaliatory headbutt, horns 3, cold resistance 1, low mp 1, magic resistance
1, subdued magic 1
a: Berserk, Trog's Hand, Brothers in Arms, Burn Spellbooks, Renounce Religion


You were on level 2 of the Snake Pit.
You worshipped Trog.
Trog was extremely pleased with you.
You were hungry.

You visited 4 branches of the dungeon, and saw 25 of its levels.

You collected 2707 gold pieces.
You spent 652 gold pieces at shops.

Inventory:

Hand Weapons
 T - a +3 executioner's axe of chopping (weapon)
 U - a +3 antimagic executioner's axe
 X - a +5 battleaxe of freezing
Armour
 b - the +3 warlock's mirror {reflect}
   (You acquired it on level 1 of the Snake Pit)
 l - a +0 cloak (worn)
 y - a +0 pair of gloves (worn)
 L - a +2 pair of boots of running (worn)
 R - the +1 plate armour of the Moon Troll (worn) {Str+4}
   (You found it on level 9 of the Dungeon)

   It affects your strength (+4).
Jewellery
 a - an uncursed ring of ice
 k - the ring "Mank" {Fire rN++}
   (You found it on level 2 of the Lair of Beasts)

   [ring of fire]

   It enhances your fire magic.
   It protects you from fire.
   It makes you vulnerable to cold.
   It greatly protects you from negative energy.
 B - an uncursed ring of fire
 D - an amulet of regeneration (around neck)
 G - a ring of protection from cold (left hand)
 O - a +3 ring of strength (right hand)
Wands
 w - a wand of digging (13/24)
 V - a wand of disintegration (18/24)
Scrolls
 e - 9 scrolls of remove curse
 g - 5 scrolls of teleportation
 i - 4 scrolls of enchant armour
 j - 6 scrolls of enchant weapon
 m - 4 scrolls of blinking
 v - 3 scrolls of identify
 z - 2 scrolls of fear
 H - 4 scrolls of fog
 M - a scroll of summoning
 S - a scroll of recharging
Potions
 h - 3 potions of agility
 n - 2 potions of ambrosia
 o - 7 potions of brilliance
 p - 3 potions of haste
 q - 4 potions of flight
 r - 3 potions of resistance
 t - 2 potions of might
 x - 3 potions of berserk rage
 A - 3 potions of lignification
 C - 6 potions of curing
 F - 2 potions of heal wounds
 J - 5 potions of cure mutation
 Q - 2 potions of invisibility
 Z - 2 potions of magic
Books
 s - a book of Misfortune

   Spells                             Type                      Level
   a - Confusing Touch                Hexes                        1
   b - Confuse                        Hexes                        3
   c - Gell's Gravitas                Hexes/Translocation          3
   d - Petrify                        Transmutation/Earth          4
   e - Metabolic Englaciation         Hexes/Ice                    5
   f - Yara's Violent Unravelling     Hexes/Transmutation          5
   Trog disapproves of the use of such an item.
 P - the Guide on Confrontation
   (You found it on level 6 of the Lair of Beasts)

   Spells                             Type                      Level
   a - Magic Dart                     Conjuration                  1
   b - Searing Ray                    Conjuration                  2
   c - Throw Flame                    Conjuration/Fire             2
   d - Iskenderun's Battlesphere      Conjuration/Charms           5
   e - Fireball                       Conjuration/Fire             5
   f - Irradiate                      Conjuration/Transmutation    5
   Trog disapproves of the use of such an item.
Comestibles
 c - 16 bread rations
 d - 5 beef jerkies
 f - 8 meat rations
 I - 15 royal jellies
 W - 7 fruits


   Skills:
 + Level 15.4 Fighting
 * Level 23.4 Axes
 - Level 13.0 Armour
 - Level 10.1 Dodging


You had 15 spell levels left.
You didn't know any spells.

Dungeon Overview and Level Annotations

Branches:
Dungeon (15/15)            Temple (0/1) D:5            Lair (6/6) D:11
 Shoals (0/4) Lair:4        Snake (2/4) Lair:3        Slime (0/5) Lair:5
    Orc (2/2) D:9             Elf (0/3) Orc:2        Vaults (0/5) D:14
 Depths: D:15

Altars:
Hepliaklqana
Kikubaaqudgha
Sif Muna
Trog
Xom

Shops:
D:6 *   D:8 [   D:12 [   Orc:1 [!(   Orc:2 ?}[}   Snake:1 ([[

Annotations:
D:13 exclusion: obsidian statue
Lair:5 exclusion: oklob plant


Innate Abilities, Weirdness & Mutations

You reflexively headbutt those who attack you in melee.
You have a pair of large horns on your head.
Your flesh is cold resistant. (rC+)
Your magical capacity is low. (-10% MP)
You are resistant to hostile enchantments. (MR+)
Your spells are a little easier to cast, but a little less powerful.


Message History

You feel sick. The nagaraja spits poison at you. The splash of poison hits you!
You are more poisoned.
The nagaraja constricts you.
Your deep troll bites the nagaraja!!
Your deep troll claws the nagaraja! x2
The nagaraja hits your deep troll with a hand axe.
The nagaraja hits you but does no damage.
The nagaraja constricts you.
Your deep troll bites the nagaraja!!
The nagaraja dies!
Trog accepts your kill.
Trog appreciates your killing of a magic user.
You have reached level 16!
You feel agile.
You hear a shout!
You feel sick.
The nagaraja gestures at you while chanting.
The poison arrow hits you!
You are more poisoned.
You die...

#### #...)# #..#####.####
#..##.##.##.#
..####..'........#
#.......##.##.##.#
######..#####.########
#.#######T####...##....#
......SN).##.##.#####.####
..#######@##.##.##.##.##.#
...#####)##.............#
..>..N.#.##.##.##.##†##.#
.......))#####.#####.##.#
...####..# #)..(# #...###
##.# #########)#### ...
#)##)##.# .... #....)...
.##.. #.##.##.#


You could see a nagaraja, a mana viper and a friendly deep troll (berserk).

Vanquished Creatures
  Rupert (D:14)
  2 nagarajas (Snake:2)
  Kirke (D:13)
  Aizul (Snake:2)
  An orc warlord (Orc:2)
  Erolcha (D:13)
  Josephine (D:11)
  Fannar (Lair:1)
  9 hydras
  6 naga warriors
  The ghost of Naow the Severer, a journeyman MiBe of Trog (D:10)
  3 catoblepae
  A death knight (D:11)
  3 centaur warriors
  3 anacondas
  3 death yaks (Lair:6)
  5 naga sharpshooters
  Urug (D:10)
  An orc high priest (Orc:2)
  3 shock serpents
  A salamander mystic (Snake:2)
  A skeletal warrior (D:11)
  An unseen horror (D:11)
  5 hill giants
  An orc knight (D:14)
  5 mana vipers
  5 manticores
  2 cyclopes (D:14)
  5 salamanders
  7 ugly things
  6 orc sorcerers
  2 guardian serpents (Snake:2)
  Joseph (D:8)
  16 black mambas
  A gargoyle (D:10)
  10 spiny frogs
  8 naga magi
  2 rime drakes
  2 centaur skeletons
  7 komodo dragons
  3 meliai
  2 trolls
  A polar bear (D:12)
  A two-headed ogre (D:9)
  A queen bee (Lair:4)
  2 hornets
  7 slime creatures (D:13)
  5 dream sheep (Lair:6)
  16 blink frogs
  7 hippogriffs
  A centaur simulacrum (D:12)
  3 shadows
  3 wyverns
  A vampire (D:9)
  24 yaks
  A spriggan (D:8)
  A hog (D:13)
  11 wraiths
  16 humans (D:14)
  3 basilisks
  5 hungry ghosts
  2 vampire mosquitoes (D:13)
  23 nagas
  4 wargs
  2 mottled dragons
  A soldier ant (D:13)
  9 water moccasins
  6 porcupines
  31 orc warriors
  A black bear (D:13)
  2 phantoms
  11 ice beasts
  4 boggarts
  A necrophage (D:8)
  4 sky beasts
  11 ogres
  11 centaurs
  16 wolves
  13 crocodiles
  2 big kobolds
  15 bullfrogs
  4 gnoll sergeants (D:9)
  An elf skeleton (D:8)
  A wyvern skeleton (D:13)
  4 scorpions
  An oklob sapling (D:5)
  A wight (D:8)
  32 killer bees
  8 howler monkeys
  An electric eel (D:12)
  5 centaur zombies
  2 crimson imps
  A quasit (D:9)
  4 hounds
  A bullfrog zombie (D:8)
  3 human zombies (D:8)
  A jelly (D:10)
  36 orc wizards
  5 bullfrog skeletons
  22 orc priests
  A human skeleton (D:8)
  3 iguanas
  9 worker ants
  A worker ant zombie (D:8)
  16 gnolls
  10 adders
  A howler monkey skeleton (D:10)
  A shadow imp (D:8)
  A white imp (D:12)
  An ufetubus (D:12)
  An adder zombie (D:8)
  4 dart slugs
  4 worms (D:3)
  9 leopard geckos
  93 orcs
  4 ball pythons
  5 giant cockroaches
  6 goblins
  14 hobgoblins
  10 jackals
  4 quokkas
  6 bats
  5 frilled lizards
  12 kobolds
  2 orc zombies (D:8)
  8 rats
  5 fungi
  3 plants
791 creatures vanquished.

Vanquished Creatures (collateral kills)
  A nagaraja (Snake:2)
  A naga warrior (Snake:2)
  A salamander (Snake:2)
  A black mamba (Snake:2)
4 creatures vanquished.

Vanquished Creatures (others)
  2 humans (D:13)
  An orc (Orc:1)
  3 fungi
  4 plants
10 creatures vanquished.

Grand Total: 805 creatures vanquished

Notes
Turn   | Place    | Note
-------+----------+-------------------------------------------
     0 | D:1      | Naow the Minotaur Berserker began the quest for the Orb.
     0 | D:1      | Reached XP level 1. HP: 19/19 MP: 0/0
   132 | D:1      | Reached skill level 4 in Axes
   185 | D:1      | Reached XP level 2. HP: 20/26 MP: 1/1
   994 | D:2      | Reached skill level 5 in Axes
  1237 | D:2      | Reached XP level 3. HP: 24/31 MP: 2/2
  1426 | D:2      | Reached ** piety under Trog
  2034 | D:2      | Reached XP level 4. HP: 37/39 MP: 3/3
  2161 | D:2      | Reached skill level 6 in Axes
  2773 | D:3      | Reached skill level 7 in Axes
  2773 | D:3      | Reached XP level 5. HP: 25/45 MP: 4/4
  2776 | D:3      | Reached *** piety under Trog
  3342 | D:4      | Reached skill level 8 in Axes
  3569 | D:4      | Noticed an ogre
  3578 | D:4      | Killed an ogre
  3578 | D:4      | Reached XP level 6. HP: 34/51 MP: 5/5
  4022 | D:4      | Reached skill level 9 in Axes
  4830 | D:4      | Found a deep blue altar of Sif Muna.
  4929 | D:5      | Entered Level 5 of the Dungeon
  4933 | D:5      | Found a staircase to the Ecumenical Temple.
  4967 | D:5      | Reached XP level 7. HP: 30/57 MP: 6/6
  5276 | D:5      | Reached skill level 10 in Axes
  5953 | D:5      | Reached skill level 11 in Axes
  6579 | D:5      | Reached XP level 8. HP: 36/64 MP: 7/7
  7180 | D:6      | Found Demminu's Assorted Antiques.
  7184 | D:6      | Reached skill level 12 in Axes
  7852 | D:6      | Reached **** piety under Trog
  8005 | D:6      | Found a hazy altar of Hepliaklqana.
  8819 | D:7      | Reached skill level 13 in Axes
  8824 | D:7      | Noticed a hippogriff
  8835 | D:7      | Killed a hippogriff
  8835 | D:7      | Reached skill level 5 in Fighting
  8851 | D:7      | Reached XP level 9. HP: 20/74 MP: 8/8
  9393 | D:8      | Found Ipnoos's Antique Armour Boutique.
  9403 | D:8      | Bought a pair of runed boots for 252 gold pieces
  9488 | D:8      | Identified a +1 pair of boots of running (You bought it in a shop on level 8 of the Dungeon)
  9863 | D:8      | Reached skill level 14 in Axes
 10225 | D:8      | Found an ancient bone altar of Kikubaaqudgha.
 10335 | D:8      | Found a shimmering altar of Xom.
 10815 | D:8      | Noticed Joseph
 10832 | D:8      | Killed Joseph
 10947 | D:8      | Reached skill level 15 in Axes
 11349 | D:9      | Reached XP level 10. HP: 86/88 MP: 9/9
 11482 | D:9      | Got a distressingly furry plate armour
 11493 | D:9      | Identified the cursed +1 plate armour of the Moon Troll {Str+4} (You found it on level 9 of the Dungeon)
 11913 | D:9      | Found a staircase to the Orcish Mines.
 12170 | D:9      | Reached skill level 5 in Armour
 12471 | D:9      | Reached skill level 16 in Axes
 12561 | D:10     | Entered Level 10 of the Dungeon
 12610 | D:10     | Noticed Naow's ghost (journeyman MiBe)
 12631 | D:10     | Killed Naow's ghost
 12890 | D:10     | Noticed a hill giant
 12898 | D:10     | Killed a hill giant
 12901 | D:10     | Reached XP level 11. HP: 94/94 MP: 10/10
 13044 | D:10     | Noticed Urug
 13059 | D:10     | Killed Urug
 13151 | D:10     | Found a bloodstained altar of Trog.
 13254 | D:11     | Noticed Josephine
 13266 | D:11     | Killed Josephine
 13266 | D:11     | Reached skill level 17 in Axes
 13304 | D:11     | Reached ***** piety under Trog
 13344 | D:11     | Noticed a skeletal warrior
 13345 | D:11     | Noticed a death knight
 13355 | D:11     | Killed a death knight
 13362 | D:11     | Killed a skeletal warrior
 13362 | D:11     | Reached skill level 10 in Armour
 13600 | D:11     | Found a staircase to the Lair.
 13758 | D:11     | Received a gift from Trog
 13982 | D:11     | Noticed a green ugly thing
 13988 | D:11     | Killed a green ugly thing
 13999 | D:11     | Killed an unseen horror
 13999 | D:11     | Reached skill level 18 in Axes
 14060 | D:11     | Reached XP level 12. HP: 77/101 MP: 11/11
 14845 | D:12     | Found Wuuxt's Armour Shop.
 15624 | Lair:1   | Entered Level 1 of the Lair of Beasts
 15626 | Lair:1   | Noticed Fannar
 15636 | Lair:1   | Killed Fannar
 15791 | Lair:1   | Noticed an eight-headed hydra
 15800 | Lair:1   | Killed a ten-headed hydra
 15944 | Lair:1   | Reached skill level 19 in Axes
 16201 | Lair:1   | Gained mutation: Your magical capacity is low. (-10% MP) [potion of mutation]
 16201 | Lair:1   | Gained mutation: You have a pair of large horns on your head. [potion of mutation]
 16201 | Lair:1   | Gained mutation: You are resistant to hostile enchantments. (MR+) [potion of mutation]
 16202 | Lair:1   | Gained mutation: Your spells are a little easier to cast, but a little less powerful. [potion of mutation]
 16202 | Lair:1   | Gained mutation: Your flesh is cold resistant. (rC+) [potion of mutation]
 16232 | Lair:1   | Received a gift from Trog
 16550 | Lair:2   | Got a faintly glowing platinum ring
 17051 | Lair:3   | Noticed a four-headed hydra
 17063 | Lair:3   | Killed a ten-headed hydra
 17391 | Lair:3   | Found a staircase to the Snake Pit.
 18147 | Snake:1  | Entered Level 1 of the Snake Pit
 18149 | Snake:1  | Reached XP level 13. HP: 111/111 MP: 10/10
 18237 | Lair:4   | Reached skill level 5 in Dodging
 18366 | Lair:4   | Found a staircase to the Shoals.
 18628 | Lair:4   | Received a gift from Trog
 18628 | Lair:4   | Reached skill level 10 in Fighting
 19699 | Lair:5   | Found a staircase to the Slime Pits.
 19951 | Lair:5   | Reached skill level 20 in Axes
 20503 | Lair:5   | Received a gift from Trog
 20722 | Lair:6   | Entered Level 6 of the Lair of Beasts
 21199 | Lair:6   | Identified the ring "Mank" {Fire rN++} (You found it on level 2 of the Lair of Beasts)
 21634 | Lair:6   | Reached XP level 14. HP: 104/125 MP: 11/11
 21896 | Lair:6   | Identified the Guide on Confrontation
 22230 | D:13     | Noticed Kirke
 22238 | D:13     | Killed Kirke
 22266 | D:13     | Noticed Erolcha
 22270 | D:13     | Killed Erolcha
 22554 | D:13     | Reached skill level 10 in Dodging
 22667 | D:13     | Reached skill level 21 in Axes
 22807 | D:13     | Found a labyrinth entrance.
 23135 | D:14     | Found a gate to the Vaults.
 23135 | D:14     | Noticed Rupert
 23145 | D:14     | Killed Rupert
 23779 | D:15     | Entered Level 15 of the Dungeon
 23914 | Orc:1    | Entered Level 1 of the Orcish Mines
 23920 | Orc:1    | Reached XP level 15. HP: 137/137 MP: 12/12
 23949 | Orc:1    | Found Womany's Weapon Shoppe.
 24077 | Orc:2    | Entered Level 2 of the Orcish Mines
 24126 | Orc:2    | Found a staircase to the Elven Halls.
 24321 | Orc:2    | Found Yconigeo's Magic Scroll Shoppe.
 24321 | Orc:2    | Found Vuzajaleipp's Armour Emporium.
 24322 | Orc:2    | Found Ireahoe's Gadget Emporium.
 24325 | Orc:2    | Found Bysatuda's Gadget Shoppe.
 24332 | Orc:2    | Reached ****** piety under Trog
 24366 | Orc:2    | Received a gift from Trog
 24381 | Orc:2    | Bought the cursed +0 pair of gloves of Rixohula {rPois MR+ Int+4} for 320 gold pieces
 24558 | Orc:2    | Noticed an orc warlord
 24564 | Orc:2    | Killed an orc warlord
 24906 | Orc:1    | Reached skill level 22 in Axes
 25028 | Orc:1    | Found Zumuniupn's Distillery.
 25052 | Orc:1    | Bought a potion of heal wounds for 80 gold pieces
 25186 | Orc:1    | Found Xekhlam's Antique Armour Emporium.
 25556 | Snake:1  | Received a gift from Trog
 26196 | Snake:1  | Found Dainuq's Weapon Shop.
 26197 | Snake:1  | Found Kahoodos's Food Boutique.
 26197 | Snake:1  | Found Onnuacut's Armour Shop.
 26200 | Snake:1  | Found Zuicane's Armour Boutique.
 26641 | Snake:1  | Identified a scroll of acquirement
 26847 | Snake:2  | Noticed Aizul
 26856 | Snake:2  | Killed Aizul
 27376 | Snake:2  | Received a gift from Trog
 27387 | Snake:2  | Reached skill level 15 in Fighting
 27585 | Snake:2  | Reached skill level 23 in Axes
 27589 | Snake:2  | Noticed a nagaraja
 27589 | Snake:2  | Noticed a nagaraja
 27607 | Snake:2  | Killed a nagaraja
 27611 | Snake:2  | Killed a nagaraja
 27844 | Snake:2  | HP: 5/211 [naga warrior/glaive (18)]
 27849 | Snake:2  | HP: 4/211 [poisoned by a black mamba]
 27854 | Snake:2  | HP: 5/141 [poisoned by a black mamba]
 27864 | Snake:2  | Noticed a nagaraja
 27869 | Snake:2  | Noticed a nagaraja
 27874 | Snake:2  | Killed a nagaraja
 27874 | Snake:2  | Reached XP level 16. HP: 45/149 MP: 5/13
 27875 | Snake:2  | Killed from afar by a nagaraja

Skill      XL: |  1  2  3  4  5  6  7  8  9 10 11 12 13 14 15 |
---------------+----------------------------------------------+-----
Axes           | 4 5 7 8 9 11 13 15 16 18 19 20 21 23 | 23.4
Fighting       | 5 7 8 9 11 13 15 | 15.4
Armour         | 7 11 13 | 13.0
Dodging        | 4 8 10 | 10.1

Action                   |  1- 3 |  4- 6 |  7- 9 | 10-12 | 13-15 | 16-18 || total
-------------------------+-------+-------+-------+-------+-------+-------++-------
Melee: Hand axe          |    93 |   156 |   400 |   234 |       |       ||   883
       Headbutt          |    15 |    32 |    94 |   145 |   167 |       ||   453
       Broad axe         |       |       |       |   336 |   337 |       ||   673
       Executioner's axe |       |       |       |       |   301 |       ||   301
       Battleaxe         |       |       |       |       |    96 |       ||    96
Invok: Berserk           |       |     3 |     5 |    11 |    13 |       ||    32
       Trog's Hand       |       |       |       |     2 |     6 |       ||     8
       Burn Spellbooks   |       |       |       |     1 |     1 |       ||     2
       Brothers in Arms  |       |       |       |       |     2 |       ||     2
  Use: Scroll            |       |       |     3 |    24 |     9 |       ||    36
       Potion            |       |       |       |     5 |     3 |       ||     8
 Stab: Sleeping          |       |     1 |     2 |       |       |       ||     3
       Petrified         |       |       |       |       |     8 |       ||     8
       Petrifying        |       |       |       |       |     1 |       ||     1
  Eat: Chunk             |     3 |     7 |    20 |    26 |    39 |       ||    95
       Meat ration       |       |     1 |     1 |     1 |       |       ||     3
       Pizza             |       |       |       |     2 |     2 |       ||     4
       Royal jelly       |       |       |       |       |     2 |       ||     2
Armor: Animal skin       |    17 |    16 |    33 |       |       |       ||    66
       Plate armour      |       |       |       |   359 |   478 |       ||   837
Dodge: Dodged            |    45 |    79 |   150 |   193 |   415 |       ||   882
